 Dungeon Crawl Stone Soup version 0.32-a0-779-g362cfcae2a (webtiles) character file.

Game seed: 441849261467755138

16721 kae the Carver (level 12, -2/94 HPs)
             Began as a Coglin Gladiator on Mar 19, 2024.
             Was a High Priest of Okawaru.
             Killed from afar by a wretched star (26 damage)
             ... with a lance of force
             ... on level 2 of the Abyss.
             The game lasted 00:12:39 (12803 turns).

kae the Carver (Coglin Gladiator)                  Turns: 12803, Time: 00:12:40

Health: -2/94      AC: 11    Str: 15    XL:     12   Next: 40%
Magic:  15/16      EV: 18    Int: 10    God:    Okawaru [*****.]
Gold:   823        SH:  0    Dex: 21    Spells: 11/11 levels left

rFire   . . .        Q - +5 falchion (flame) {Zorawar}
rCold   + + +        j - +2 short sword (vamp) {Pete}
rNeg    + . .        b - +0 leather armour
rPois   .            c - +2 helmet
rElec   .            w - +0 cloak "Daxod" {-Tele Rampage rC+++ rN+ Int+3}
rCorr   .            (no gloves)
SInv    .            C - +0 pair of boots
Will    .....        (amulet unavailable)
Stlth   ++++         (ring unavailable)
HPRegen 0.35/turn    (ring unavailable)
MPRegen 0.15/turn    (no gizmo)

%: no teleportation, rampage
@: mighty, heroic, revved
A: off-hand wielding, slow wielding, warmup strikes, no jewellery, screaming 1,
persistent drain
a: Invent Gizmo, Renounce Religion, Heroism, Finesse, Duel


You were on level 2 of the Abyss.
You worshipped Okawaru.
Okawaru was extremely pleased with you.
You visited 2 branches of the dungeon, and saw 13 of its levels.
You visited the Abyss 1 time.
You also visited: Ossuary.

You collected 862 gold pieces.
You spent 39 gold pieces at shops.


Innate Abilities, Weirdness & Mutations

You can wield a second weapon in your off-hand.
It takes a long time for you to wield or remove held weapons.
Your first few attacks do less damage.
You cannot equip rings or amulets.
You occasionally shout uncontrollably at your foes.
Your health recovers twice as slowly from being drained.


   Skills:
 + Level 8.5(13.5) Fighting
 + Level 14.2(19.2) Long Blades
 - Level 1.7(6.7) Throwing
 - Level 7.0(12.0) Armour
 - Level 5.0(10.0) Dodging
 + Level 2.4(7.4) Stealth
 + Level 5.6 Invocations


You had 11 spell levels left.
You didn't know any spells.
Your spell library contained the following spells:

 Spells                   Type           Power      Damage    Failure   Level
 Apportation              Tloc           0%         N/A       41%         1
 Jinxbite                 Hex            0%         N/A       54%         2
 Dazzling Flash           Conj/Hex       0%         N/A       78%         3
 Frozen Ramparts          Ice            0%         1d1       78%         3
 Hailstorm                Conj/Ice       0%         3d5       78%         3
 Mephitic Cloud           Conj/Alch/Air  0%         N/A       78%         3
 Ozocubu's Armour         Ice            0%         N/A       78%         3
 Anguish                  Hex/Necr       0%         N/A       99%         4
 Cause Fear               Hex            0%         N/A       99%         4
 Leda's Liquefaction      Alch/Erth      0%         N/A       99%         4
 Petrify                  Alch/Erth      0%         N/A       99%         4
 Alistair's Intoxication  Alch           0%         N/A       100%        5
 Borgnjor's Vile Clutch   Necr/Erth      0%         N/A       100%        5
 Curse of Agony           Necr           0%         N/A       100%        5
 Iskenderun's Battlesphe  Conj           0%         2d6       100%        5
 Lee's Rapid Deconstruct  Erth           0%         3d4*      100%        5
 Metabolic Englaciation   Hex/Ice        0%         N/A       100%        5
 Silence                  Hex/Air        0%         N/A       100%        5
 Bombard                  Conj/Erth      0%         9d1       100%        6
 Permafrost Eruption      Ice/Erth       0%         2x4d2     100%        6
 Enfeeble                 Hex            0%         N/A       100%        7
 Summon Ice Beast         Ice/Summ       Unusable   N/A       N/A         3
 Animate Dead             Necr           Unusable   N/A       N/A         4
 Summon Mana Viper        Hex/Summ       Unusable   N/A       N/A         5
 Death Channel            Necr           Unusable   N/A       N/A         6
 Sculpt Simulacrum        Ice/Alch       Unusable   N/A       N/A         6
 Monstrous Menagerie      Summ           Unusable   N/A       N/A         7
 Spellforged Servitor     Conj/Summ      Unusable   N/A       N/A         7

Inventory:

Hand Weapons
 a - a +0 long sword of protection {Suthep}
 j - a +2 vampiric short sword (offhand) {Pete}
   (You took it off a kobold on level 1 of the Dungeon)
 Q - a +5 falchion of flaming (weapon) {Zorawar}
   (You found it on level 5 of the Dungeon)
Missiles
 d - 8 throwing nets (quivered) {=f!f}
 e - a javelin
 l - 121 stones
 o - 53 poisoned darts
 r - 32 boomerangs
 K - 4 atropa-tipped darts
 O - a curare-tipped dart {=f}
Armour
 b - a +0 leather armour (worn)
 c - a +2 helmet (worn)
 w - the +0 cloak "Daxod" (worn) {-Tele Rampage rC+++ rN+ Int+3}
   (You found it on level 3 of the Dungeon)

   Int+3:     It affects your intelligence (+3).
   rC+++:     It renders you almost immune to cold.
   rN+:       It protects you from negative energy.
   -Tele:     It prevents most forms of teleportation.
   Rampage:   It bestows one free step when moving towards enemies.
 C - a +0 pair of boots (worn)
   (You found it on level 5 of the Dungeon)
Magical Staves
 m - a staff of cold {!a}
   (You found it on level 3 of the Dungeon)
 G - a staff of cold {!a}
   (You found it on level 8 of the Dungeon)
 V - a staff of air {!a}
   (You found it on level 8 of the Dungeon)
Jewellery
 s - an amulet of reflection
   (You found it on level 5 of the Dungeon)
 v - a ring of see invisible
   (You found it on level 7 of the Dungeon)
 A - an amulet of the acrobat
   (You found it on level 10 of the Dungeon)
 D - a +6 ring of dexterity
   (You found it on level 4 of the Dungeon)
 L - a ring of flight
   (You found it on level 12 of the Dungeon)
 P - a ring of poison resistance
   (You found it on level 12 of the Dungeon)
Wands
 n - a wand of quicksilver (4)
   (You found it on level 2 of the Dungeon)
 u - a wand of paralysis (19)
   (You found it on level 3 of the Dungeon)
 x - a wand of iceblast (19)
   (You found it on level 4 of the Dungeon)
 y - a wand of mindburst (22)
   (You found it on level 5 of the Dungeon)
 N - a wand of flame (15)
   (You took it off a kobold on level 9 of the Dungeon)
Scrolls
 t - a scroll of vulnerability {!r!r}
 H - 3 scrolls of blinking {!r}
 I - 2 scrolls of teleportation {@r4}
 J - 2 scrolls of fear
 R - 2 scrolls of identify {@r1}
 U - 2 scrolls of poison {!r}
Potions
 f - 3 potions of brilliance
 g - 2 potions of enlightenment
 h - 3 potions of haste {@q3}
 i - 4 potions of mutation {!q}
 k - 2 potions of ambrosia
 p - 11 potions of curing {@q1}
 q - a potion of berserk rage {!q}
 z - a potion of attraction {!q}
 B - a potion of resistance
 E - 3 potions of heal wounds {@q2}
 F - 2 potions of lignification {!q}
 S - a potion of might
 T - a potion of invisibility

Dungeon Overview and Level Annotations

Branches:
Dungeon (12/15) Zot: 25856  Temple (1/1) D:4 Zot: 5960    Lair (0/5) D:11
    Orc (0/2) D:11        Ossuary (visited)

Altars:
Ashenzari
Cheibriados
Dithmenos
Elyvilon
Fedhas
Gozag
Hepliaklqana
Kikubaaqudgha
Makhleb
Nemelex Xobeh
Okawaru
Qazlal
Ru
Sif Muna
Trog
Uskayaw
Vehumet
Wu Jian
Xom
Yredelemnul
Zin
The Shining One
Jiyva

Shops:
D:2 !*

Annotations:
D:12 Erolcha

...... ......
##. ....#
.###...## .
###.#.....#..
##............ #
# #..........
#.###..@*......
#....#X##.###.ยง
#.####...# # #
#.#.. #.#..#..
###..# # ...
....


You could see a wretched star and a large abomination.


Message History

You burn the large abomination.
You destroy the large abomination!
Okawaru accepts your kill. ๐Ÿ˜ฎ HP[+1]
The soul eater hits you. ๐Ÿ˜ฎ HP[-4]
You take 4 damage, and now have 63/94 hp.
You hit the soul eater but do no damage.
You closely miss the soul eater with your +5 falchion of flaming.
You hit the soul eater but do no damage. x2
The soul eater hits you. ๐Ÿ˜ฎ HP[-1]
You take 1 damage, and now have 62/94 hp.
You hit the soul eater but do no damage.
You slash the soul eater with your +5 falchion of flaming!
You burn the soul eater. ๐Ÿ˜ฎ HP[+1] Unknown command.
You hit the soul eater but do no damage. x2
The soul eater draws from the surrounding life force!
The soul eater is healed. ๐Ÿ˜ฎ HP[-5]
You take 5 damage, and now have 58/94 hp.
You hit the soul eater but do no damage. x2
The soul eater draws from the surrounding life force!
The soul eater is healed. ๐Ÿ˜ฎ HP[-8]
You take 8 damage, and now have 50/94 hp.
Unknown command.
You hit the soul eater with your +5 falchion of flaming.
You burn the soul eater.
You closely miss the soul eater with your +2 vampiric short sword.
You hit the soul eater but do no damage. x2
The soul eater hits you.
* * * LOW HITPOINT WARNING * * *
You partially resist.
You feel drained.
* * * LOW HITPOINT WARNING * * *
๐Ÿ˜จ HP[-7]
You now have 93 max hp (-1).
You take 7 damage, and now have 43/93 hp.
You barely miss the soul eater with your +2 vampiric short sword.
You hit the soul eater but do no damage. ๐Ÿ˜จ HP[+1]
You hit the soul eater with your +2 vampiric short sword.
You hit the soul eater with your +5 falchion of flaming.
You burn the soul eater. The soul eater barely misses you.
Unknown command.
You puncture the soul eater with your +2 vampiric short sword!
You hit the soul eater with your +5 falchion of flaming.
You burn the soul eater. The soul eater hits you!
* * * LOW HITPOINT WARNING * * *
๐Ÿ˜จ HP[-8]
You take 8 damage, and now have 36/93 hp.
You slash the soul eater with your +5 falchion of flaming!
You burn the soul eater.
You hit the soul eater but do no damage.
You gain the combat prowess of a mighty hero.
The soul eater misses you. ๐Ÿ˜จ HP[+1] MP[-2]
You lost 2 mp, and now have 14/16 mp.
You hit the soul eater but do no damage. x2
The soul eater completely misses you.
You hit the soul eater with your +5 falchion of flaming.
You burn the soul eater.
You hit the soul eater but do no damage.
You hit the soul eater but do no damage. x2
The soul eater hits you!
* * * LOW HITPOINT WARNING * * *
๐Ÿ˜ฑ HP[-14]
You take 14 damage, and now have 23/93 hp.
Unknown command.
You hit the soul eater but do no damage.
You hit the soul eater with your +2 vampiric short sword.
You hit the soul eater with your +5 falchion of flaming.
You burn the soul eater.
You hit the soul eater but do no damage.
The soul eater hits you.
* * * LOW HITPOINT WARNING * * *
You hit the soul eater but do no damage. x2
A wretched star comes into view.
The soul eater closely misses you.
You barely miss the soul eater with your +2 vampiric short sword.
You slash the soul eater with your +5 falchion of flaming!
You burn the soul eater.
You kill the soul eater!
Okawaru accepts your kill.
Your life force feels restored.
You now have 94 max hp (+1).
The large abomination completely misses you. ๐Ÿ˜ฑ MP[+1]
The large abomination misses you. ๐Ÿ˜จ HP[+1]
You rampage towards the wretched star!
You slice the wretched star with your +5 falchion of flaming!!
You burn the wretched star.
You hit the wretched star with your +2 vampiric short sword.
The wretched star glows turbulently.
The lance of force hits you!!
You die...

Skill      XL: |  1  2  3  4  5  6  7  8  9 10 11 12 |
---------------+-------------------------------------+-----
Long Blades    | 4 5 6 7 9 11 13 14 | 14.2
Fighting       | 6 8 |  8.5
Invocations    | 4 5 |  5.6
Armour         | 1 6 7 |  7.0
Dodging        | 3 5 |  5.0
Stealth        | 2 |  2.4
Throwing       | |  1.7

Action                     |  1- 3 |  4- 6 |  7- 9 | 10-12 || total
---------------------------+-------+-------+-------+-------++-------
  Melee: Long sword        |    56 |    94 |    21 |       ||   171
         Dagger            |    11 |       |       |       ||    11
         Short sword       |    49 |    92 |   221 |   744 ||  1106
         Falchion          |       |       |   205 |   791 ||   996
 Invoke: Heroism           |       |       |       |    12 ||    12
  Evoke: Wand              |       |       |       |     2 ||     2
    Use: Scroll            |     1 |     7 |     8 |    11 ||    27
         Potion            |       |       |     1 |     1 ||     2
   Stab: Sleeping          |       |     2 |     3 |     5 ||    10
         Distracted        |       |       |       |     1 ||     1
 Armour: Leather armour    |    36 |    75 |   122 |   401 ||   634
  Dodge: Dodged            |    36 |    62 |    92 |   329 ||   519

Levels and vault maps discovered:
D:1:      psy_arrival_statuary, layout_loops_corners, basic_ecumenical_altar
D:2:      layout_loops_ring, serial_shops, nicolae_shop_crystal, shop,
          minmay_tetromino_o4
D:3:      layout_basic, minmay_goblin_kobold_house
D:4:      layout_basic, mainiacjoe_overflow_catwalk,
          minmay_temple_entry_antechambers, serial_glass, glass_columns_a,
          glass_columns_a
D:5:      layout_gridville, chequers_serial_rivers_micro_b
D:6:      layout_rooms, uniq_edmund, uniq_grinder
D:7:      layout_basic, mainiacjoe_overflow_24_doors, lemuel_doored_altar,
          xom_butterflies, lightli_ossuary_entry_decrepit_ruins,
          minmay_fountain_box, minmay_ruffians
D:8:      layout_cave_pools, nicolae_elyvilon_temple_path, special_room
          [special_room_orc], serial_gnoll_camp, gnoll_camp_medium_02,
          gnoll_camp_mini_doghouse, gnoll_camp_mini_house,
          gnoll_camp_mini_house, gnoll_camp_huts_basic
D:9:      layout_roguey
D:10:     layout_irregular_city, kennysheep_vampire_church,
          amcnicky_altar_gilded, kennysheep_generic_room_13, uniq_joseph
D:11:     layout_irregular_city, dpeg_oklobed_lair, hiddenorc1_lemuel,
          nicolae_qazlal_eye_of_the_storm
D:12:     layout_loops_ring, jiyva_altar_1, uniq_erolcha
Temple:   bh_familiar_temple
Abyss:2:  base: D:8, base: D:2, minivault_19, guppyfry_abyss_exit_glass_guarded

Notes
Turn   | Place    | Note
-------+----------+-------------------------------------------
     0 | D:1      | kae the Coglin Gladiator began the quest for the Orb.
     0 | D:1      | Reached XP level 1. HP: 16/16 MP: 1/1
     0 | D:1      | magus.rc [v1.11.3]
   101 | D:1      | You pick up a book of the Tundra and begin reading...
   101 | D:1      | You add the spells Hailstorm, Summon Ice Beast, Permafrost
                  | Eruption and Sculpt Simulacrum to your library.
   253 | D:1      | Reached XP level 2. HP: 17/22 MP: 2/2
   396 | D:1      | Reached skill level 4 in Long Blades
   456 | D:1      | Found a faded altar of an unknown god.
   470 | D:1      | Reached XP level 3. HP: 27/27 MP: 3/3
  1086 | D:2      | Found Gushiditz's Distillery.
  1095 | D:2      | Bought a potion of curing for 39 gold pieces
  1098 | D:2      | You pick up a book of the Senses and begin reading...
  1098 | D:2      | You add the spells Dazzling Flash, Mephitic Cloud, Curse of
                  | Agony and Silence to your library.
  1111 | D:2      | Found Itwues's Assorted Antiques.
  1152 | D:2      | Reached XP level 4. HP: 29/33 MP: 4/4
  1461 | D:2      | Reached skill level 5 in Long Blades
  2111 | D:3      | Identified the +0 cloak "Daxod" {-Tele Rampage rC+++ rN+
                  | Int+3}
  2414 | D:4      | Noticed a scorpion
  2423 | D:4      | Killed a scorpion
  2424 | D:4      | Reached XP level 5. HP: 21/38 MP: 5/5
  2528 | D:4      | Reached skill level 6 in Long Blades
  2733 | D:4      | Found a staircase to the Ecumenical Temple.
  2754 | D:4      | Found a bloodstained altar of Trog.
  2758 | D:4      | Reached XP level 6. HP: 36/44 MP: 6/6
  2777 | Temple   | Entered the Ecumenical Temple
  2801 | Temple   | Became a worshipper of Warmaster Okawaru
  3221 | D:5      | Entered Level 5 of the Dungeon
  3237 | D:5      | Reached skill level 7 in Long Blades
  3291 | D:5      | Reached XP level 7. HP: 14/50 MP: 7/7
  3421 | D:5      | Reached * piety under Okawaru
  3422 | D:5      | Reached skill level 8 in Long Blades
  3580 | D:5      | Reached skill level 9 in Long Blades
  3606 | D:5      | Reached XP level 8. HP: 56/56 MP: 8/8
  3753 | D:6      | Reached ** piety under Okawaru
  3901 | D:6      | Identified the granite talisman "Ulukic" {rF++ rC++ Dex-3}
  3967 | D:6      | Noticed Edmund
  3973 | D:6      | Reached skill level 10 in Long Blades
  3993 | D:6      | HP: 4/56 [Edmund/+1 heavy flail (16)]
  3998 | D:6      | Killed Edmund
  4183 | D:6      | You pick up a book of Beasts and begin reading...
  4271 | D:6      | Reached skill level 11 in Long Blades
  4272 | D:6      | HP: 11/56 [black bear (5)]
  4449 | D:6      | Noticed Grinder
  4451 | D:6      | Paralysed by Grinder for 5 turns
  4467 | D:6      | Killed Grinder
  4467 | D:6      | Reached *** piety under Okawaru
  4468 | D:6      | Reached XP level 9. HP: 28/61 MP: 9/9
  4722 | D:7      | Reached skill level 12 in Long Blades
  4871 | D:7      | Reached **** piety under Okawaru
  4872 | D:7      | Reached skill level 13 in Long Blades
  4903 | D:7      | Found a shimmering altar of Xom.
  4918 | D:7      | Found a blossoming altar of Fedhas.
  4986 | D:7      | You pick up a book of Unlife and begin reading...
  5061 | D:7      | Found an ornate altar of the Wu Jian Council.
  5181 | D:7      | Found a sand-covered staircase.
  5190 | Ossuary  | Entered an ossuary
  5240 | Ossuary  | Reached XP level 10. HP: 67/67 MP: 10/10
  5268 | Ossuary  | Reached skill level 14 in Long Blades
  5398 | Ossuary  | You pick up a book of the Tundra and begin reading...
  5594 | D:7      | Reached skill level 3 in Fighting
  5594 | D:7      | Reached skill level 1 in Invocations
  5903 | D:7      | Reached skill level 2 in Invocations
  6148 | D:7      | You pick up a book of Winter and begin reading...
  6148 | D:7      | You add the spells Frozen Ramparts, Ozocubu's Armour and
                  | Metabolic Englaciation to your library.
  6503 | D:8      | Reached skill level 4 in Fighting
  6679 | D:8      | You pick up a book of the Earth and begin reading...
  6679 | D:8      | You add the spells Leda's Liquefaction and Lee's Rapid
                  | Deconstruction to your library.
  6740 | D:8      | Reached skill level 3 in Invocations
  7226 | D:8      | Reached skill level 5 in Fighting
  7428 | D:8      | Found a white marble altar of Elyvilon.
  7704 | D:8      | Reached ***** piety under Okawaru
  7848 | D:8      | Reached skill level 4 in Invocations
  7975 | D:8      | Reached skill level 6 in Fighting
  8437 | D:9      | You pick up a book of Sloth and begin reading...
  8479 | D:9      | Reached skill level 1 in Armour
  8479 | D:9      | Reached skill level 3 in Dodging
  8586 | D:9      | Reached XP level 11. HP: 78/82 MP: 14/14
  8665 | D:9      | Reached skill level 5 in Invocations
  8903 | D:10     | Entered Level 10 of the Dungeon
  8959 | D:10     | Reached skill level 2 in Armour
  9024 | D:10     | Found an opulent altar of Gozag.
  9217 | D:10     | Reached skill level 7 in Fighting
  9217 | D:10     | Reached skill level 4 in Dodging
  9231 | D:10     | Reached skill level 3 in Armour
  9352 | D:10     | Noticed Joseph
  9363 | D:10     | Killed Joseph
  9746 | D:10     | Found an ancient bone altar of Kikubaaqudgha.
 10073 | D:11     | Received a gift from Okawaru
 10084 | D:11     | Noticed an oklob plant
 10128 | D:11     | Found a staircase to the Lair.
 10145 | D:11     | HP: 16/84 [oklob plant/splash of acid (22)]
 10150 | D:11     | Killed an oklob plant
 10523 | D:11     | Reached skill level 5 in Dodging
 10528 | D:11     | Reached skill level 4 in Armour
 10563 | D:11     | You pick up a book of Hexes and begin reading...
 10563 | D:11     | You add the spells Anguish, Cause Fear and Enfeeble to your
                  | library.
 10870 | D:11     | Reached skill level 8 in Fighting
 10964 | D:11     | Found a staircase to the Orcish Mines.
 11137 | D:11     | Reached skill level 5 in Armour
 11255 | D:11     | Found a stormy altar of Qazlal.
 11340 | D:12     | Noticed a boulder beetle
 11367 | D:12     | HP: 18/86 [boulder beetle (9)]
 11598 | D:12     | Killed a boulder beetle
 11800 | D:12     | You pick up a book of Party Tricks and begin reading...
 11800 | D:12     | You add the spells Apportation, Jinxbite and Alistair's
                  | Intoxication to your library.
 11821 | D:12     | Noticed a boulder beetle
 11879 | D:12     | Killed a boulder beetle
 11880 | D:12     | Reached skill level 6 in Armour
 12030 | D:12     | Reached XP level 12. HP: 85/92 MP: 15/15
 12117 | D:12     | Reached skill level 7 in Armour
 12314 | D:12     | Found a viscous altar of Jiyva.
 12393 | D:12     | Reached skill level 1 in Stealth
 12422 | D:12     | You pick up a book of Power and begin reading...
 12422 | D:12     | You add the spells Iskenderun's Battlesphere and Bombard to
                  | your library.
 12518 | D:12     | Noticed Erolcha
 12551 | D:12     | You are cast into the Abyss!
 12551 | Abyss:2  | Cast into level 2 of the Abyss (Erolcha)
 12603 | Abyss:2  | Gained mutation: You occasionally shout uncontrollably at
                  | your foes. [a neqoxec]
 12607 | Abyss:2  | Gained mutation: Your health recovers twice as slowly from
                  | being drained. [a neqoxec]
 12616 | Abyss:2  | Reached skill level 2 in Stealth
 12773 | Abyss:2  | Noticed a soul eater
 12796 | Abyss:2  | HP: 23/93 [soul eater (14)]
 12799 | Abyss:2  | Noticed a wretched star
 12800 | Abyss:2  | Killed a soul eater
 12803 | Abyss:2  | Killed from afar by a wretched star

Vanquished Creatures
  2 boulder beetles (D:12)
  A soul eater (Abyss:2)
  An ugly thing (D:12)
  An oklob plant (D:11)
  A smoke demon (Abyss:2)
  A large abomination (Abyss:2)
  Joseph (D:10)
  An unseen horror (D:11)
  A kobold demonologist (D:12)
  A hellwing (Abyss:2)
  2 trolls (D:12)
  Grinder (D:6)
  3 slime creatures (D:12)
  A shadow (D:11)
  16 yaks
  6 humans
  2 wraiths (D:11)
  A wyvern (D:9)
  2 steam dragons (D:7)
  A neqoxec (Abyss:2)
  4 vampire mosquitoes (D:11)
  Edmund (D:6)
  An acid dragon (D:10)
  4 water moccasins
  A black bear (D:6)
  8 orc warriors
  2 ice beasts
  4 ogres
  3 wolves (D:8)
  5 centaurs
  A phantom (D:7)
  2 kobold brigands
  A weeping skull (Ossuary)
  A bullfrog (D:7)
  6 gnoll sergeants
  5 scorpions
  4 water moccasin zombies (Ossuary)
  4 wights (D:10)
  9 killer bees
  A vampire bat (D:10)
  2 electric eels (D:8)
  6 howler monkeys
  4 bombardier beetles
  9 hounds
  9 orc priests
  2 jellies (D:12)
  2 gnoll boudas (D:8)
  A sleepcap (D:6)
  2 iguanas
  15 orc wizards
  2 crocodile zombies (Ossuary)
  2 mummies (Ossuary)
  27 gnolls
  6 adders
  2 shadow imps (D:7)
  A white imp (D:6)
  6 adder zombies (Ossuary)
  A dart slug (D:3)
  A ribbon worm (D:2)
  70 orcs
  2 bats (D:1)
  3 bat skeletons (D:10)
  A bat zombie (D:10)
  6 endoplasms
  4 giant cockroaches
  9 gnoll zombies (Ossuary)
  7 goblins
  7 hobgoblins
  9 jackals
  22 kobolds
  4 quokkas
  4 ball pythons
  5 frilled lizards
  4 jackal zombies (Ossuary)
  4 orc zombies (Ossuary)
  4 rats
  2 butterflies (D:7)
380 creatures vanquished.

Table legend:
 A = Non-vault XP
 B = Vault XP
 C = Vault XP percentage of total XP
 D = Non-vault monster count
 E = Vault monster count
 F = Vault count percentage of total count
                 A         B        C        D         E       F
            +---------+---------+-------+---------+---------+-------
      Total |   17785 |    6103 |  25.5 |     233 |     145 |  38.4
            +---------+---------+-------+---------+---------+-------
        D:1 |      42 |       0 |   0.0 |      19 |       0 |   0.0
        D:2 |      43 |      17 |  28.3 |      18 |       3 |  14.3
        D:3 |      27 |       9 |  25.0 |      15 |       5 |  25.0
        D:4 |     226 |       0 |   0.0 |      15 |       0 |   0.0
        D:5 |     910 |       0 |   0.0 |      21 |       0 |   0.0
        D:6 |     793 |     828 |  51.1 |      12 |       4 |  25.0
        D:7 |    1512 |     810 |  34.9 |      27 |       4 |  12.9
        D:8 |     625 |    2139 |  77.4 |      12 |      69 |  85.2
        D:9 |    1529 |       0 |   0.0 |      29 |       0 |   0.0
       D:10 |    2794 |     530 |  15.9 |      23 |       7 |  23.3
       D:11 |    1973 |     883 |  30.9 |      20 |      18 |  47.4
       D:12 |    5136 |     337 |   6.2 |      17 |       3 |  15.0
    Abyss:2 |    2175 |       0 |   0.0 |       5 |       0 |   0.0
    Ossuary |       0 |     550 | 100.0 |       0 |      32 | 100.0
            +---------+---------+-------+---------+---------+-------

Skill      XL: |  1  2  3  4  5  6  7  8  9 10 11 12 |
---------------+-------------------------------------+-----
Long Blades    | 4 5 6 7 9 11 13 14 | 14.2
Fighting       | 6 8 |  8.5
Invocations    | 4 5 |  5.6
Armour         | 1 6 7 |  7.0
Dodging        | 3 5 |  5.0
Stealth        | 2 |  2.4
Throwing       | |  1.7

Action                     |  1- 3 |  4- 6 |  7- 9 | 10-12 || total
---------------------------+-------+-------+-------+-------++-------
  Melee: Long sword        |    56 |    94 |    21 |       ||   171
         Dagger            |    11 |       |       |       ||    11
         Short sword       |    49 |    92 |   221 |   744 ||  1106
         Falchion          |       |       |   205 |   791 ||   996
 Invoke: Heroism           |       |       |       |    12 ||    12
  Evoke: Wand              |       |       |       |     2 ||     2
    Use: Scroll            |     1 |     7 |     8 |    11 ||    27
         Potion            |       |       |     1 |     1 ||     2
   Stab: Sleeping          |       |     2 |     3 |     5 ||    10
         Distracted        |       |       |       |     1 ||     1
 Armour: Leather armour    |    36 |    75 |   122 |   401 ||   634
  Dodge: Dodged            |    36 |    62 |    92 |   329 ||   519

Illustrated notes

Table legend:
 A = Kills in this place as a percentage of kills in the entire game.
 B = Kills by you in this place as a percentage of kills by you in the entire game.
 C = Kills by friends in this place as a percentage of kills by friends in the entire game.
 D = Other kills in this place as a percentage of other kills in the entire game.
 E = Experience gained in this place as a percentage of experience gained in the entire game.
 F = Experience gained in this place divided by the number of levels of this place that you have seen.
                   A       B       C       D       E      F
               +-------+-------+-------+-------+-------+----------------------
         Total | 100.0 | 100.0 |   N/A |   N/A | 100.0 | 1592.5
       Dungeon |  90.2 |  90.2 |   N/A |   N/A |  88.6 | 1763.6
         Abyss |   1.3 |   1.3 |   N/A |   N/A |   9.1 | 2175.0
       Ossuary |   8.5 |   8.5 |   N/A |   N/A |   2.3 | 550.0
               +-------+-------+-------+-------+-------+----------------------

Table legend: (Time is in decaauts)
 A = Elapsed time spent in this place.
 B = Non-inter-level travel time spent in this place.
 C = Inter-level travel time spent in this place.
 D = Time resting spent in this place.
 E = Time spent auto-exploring this place.
 F = Levels seen in this place.
 G = Mean time per level.
                   A        B        C        D        E       F      G
               +--------+--------+--------+--------+--------+-----+--------+
         Total |  12379 |  12061 |    318 |   1425 |   8479 |  15 |  825.3 |
       Dungeon |  11923 |  11635 |    288 |   1245 |   8353 |  12 |  993.6 |
        Temple |     39 |      9 |     30 |      0 |      8 |   1 |   39.0 |
         Abyss |    230 |    230 |      0 |    180 |      0 |   1 |  230.0 |
       Ossuary |    185 |    185 |      0 |      0 |    118 |   1 |  185.0 |
               +--------+--------+--------+--------+--------+-----+--------+

Top non-repeatable levels by time:
     D:8: 1681 daAuts
    D:11: 1473 daAuts
     D:7: 1360 daAuts
     D:6: 1163 daAuts
    D:10: 1050 daAuts
    D:12: 946 daAuts
     D:1: 902 daAuts
     D:3: 877 daAuts
     D:4: 789 daAuts
     D:9: 657 daAuts
     D:2: 613 daAuts
     D:5: 408 daAuts
 Abyss:2: 230 daAuts
 Ossuary: 185 daAuts
  Temple: 39 daAuts
